 Dungeon Sprint DCSS version 0.24-a0-443-g80245de385 (webtiles) character file.

Game seed: 5256431137143330834

320 Canard the Cleaver (level 6, 0/60 HPs)
             Began as a Minotaur Fighter on June 22, 2019.
             Was a Follower of Okawaru.
             Killed from afar by a deep elf mage (32 damage)
             ... with a bolt of cold
             ... in the Dungeon (Sprint VII: "The Pits").
             The game lasted 00:03:02 (625 turns).

Canard the Cleaver (Minotaur Fighter)                Turns: 625, Time: 00:03:02

Health: 0/60       AC: 10    Str: 22    XL:     6   Next: 22%
Magic:  3/5        EV: 15    Int:  5    God:    Okawaru [*.....]
Gold:   0          SH: 12    Dex: 10    Spells: 5/5 levels left

rFire    . . .     SeeInvis .   a - +0 war axe
rCold    . . .     Gourm    .   c - +0 shield
rNeg     . . .     Faith    .   s - +3 ring mail
rPois    .         Spirit   .   (helmet restricted)
rElec    .         Reflect  .   (no cloak)
rCorr    .         Harm     .   (no gloves)
MR       .....     NoTele   +   (no boots)
Stlth    ++........             (no amulet)
HPRegen  0.20/turn              (no ring)
MPRegen  0.09/turn              (no ring)

@: heroism
A: retaliatory headbutt, horns 2
a: Heroism, Renounce Religion


You were in the Dungeon.
You worshipped Okawaru.
Okawaru was aware of your devotion.
You were not hungry.

You visited 1 branch

Inventory:

Hand Weapons
 a - a +0 war axe (weapon)
 m - a +2 hand axe
   (You found it in the Dungeon)
 r - a +1 hand axe of chopping
   (You found it in the Dungeon)
Armour
 b - a +0 scale mail
 c - a +0 shield (worn)
 s - a +3 ring mail (worn)
   (You found it in the Dungeon)
Scrolls
 k - a scroll of blinking
 o - 3 scrolls of remove curse
 p - 5 scrolls of amnesia
 q - a scroll of summoning
Potions
 d - a potion of might
 e - 6 potions of curing
 g - 6 potions of heal wounds
 h - a potion of haste
 i - 4 potions of magic
 j - 3 potions of berserk rage
 n - 2 potions of invisibility
Comestibles
 f - 9 rations
 l - a chunk of flesh


   Skills:
 + Level 7.2(12.2) Fighting
 * Level 9.5(14.5) Axes
 + Level 7.4(12.4) Armour
 + Level 5.6(10.6) Dodging
 + Level 7.2(12.2) Shields
 + Level 0.8 Invocations


You had 5 spell levels left.
You didn't know any spells.
Your spell library was empty.

Dungeon Overview and Level Annotations

Branches:
Dungeon (1/1)

Altars:
Ashenzari
Cheibriados
Dithmenos
Elyvilon
Fedhas
Gozag
Hepliaklqana
Kikubaaqudgha
Makhleb
Nemelex Xobeh
Okawaru
Qazlal
Ru
Sif Muna
Trog
Uskayaw
Vehumet
Wu Jian
Xom
Yredelemnul
Zin
The Shining One
Beogh
Jiyva
Lugonu


Innate Abilities, Weirdness & Mutations

You reflexively headbutt those who attack you in melee.
You have a pair of horns on your head.


Message History

The deep elf mage shouts!
You closely miss the deep elf mage. Your headbutt misses the deep elf mage.
The deep elf mage hits you but does no damage.
Your shield prevents you from hitting the deep elf mage.
The deep elf mage hits you with a +0 rapier.
Dmg: -5%(-3hp) hp: 95%(57hp)
You hit the deep elf mage.
The deep elf mage is lightly wounded.
The deep elf mage casts a spell at you. The shard of ice hits you!!
* * * LOW HITPOINT WARNING * * *
Huge Dmg: -43%(-26hp) hp: 52%(31hp)
You gain the combat prowess of a mighty hero.
You block the deep elf mage's attack.
You barely miss the deep elf mage. Your headbutt misses the deep elf mage.
The deep elf mage is lightly wounded.
The deep elf mage casts a spell at you. The bolt of cold hits you!!
Ouch! That really hurt!
You die...

#.#...รท....##.......#
#.#...)....##.......#
#'###########.......#
#..#.#.## #########
#.......# ##.#.#.##
#.......# ##.#.#.##
#......@# ##.#.#..e.#
##########


You could see a deep elf mage.

Vanquished Creatures
  3 wights (D)
  A gnoll shaman (D)
  An iguana (D)
  A worker ant (D)
  2 mummies (D)
  6 gnolls (D)
  An adder (D)
  A river rat (D)
  An ufetubus (D)
  An adder zombie (D)
  An orc (D)
  3 jackals (D)
  A quokka (D)
  2 goblins (D)
25 creatures vanquished.

Notes
Turn   | Place    | Note
-------+----------+-------------------------------------------
     0 | D        | Canard the Minotaur Fighter began the quest for the Orb.
     0 | D        | Reached XP level 1. HP: 19/19 MP: 0/0
    13 | D        | Reached skill level 3 in Axes
    13 | D        | Reached skill level 1 in Dodging
    13 | D        | Reached XP level 2. HP: 23/27 MP: 1/1
    29 | D        | Found a glowing golden altar of the Shining One.
    29 | D        | Found a glowing silver altar of Zin.
    29 | D        | Found a basalt altar of Yredelemnul.
    29 | D        | Found a shimmering altar of Xom.
    29 | D        | Found an ornate altar of the Wu Jian Council.
    29 | D        | Found a bloodstained altar of Trog.
    29 | D        | Found a deep blue altar of Sif Muna.
    29 | D        | Found a sacrificial altar of Ru.
    29 | D        | Found a stormy altar of Qazlal.
    29 | D        | Found an iron altar of Okawaru.
    29 | D        | Found a sparkling altar of Nemelex Xobeh.
    29 | D        | Found a burning altar of Makhleb.
    29 | D        | Found a viscous altar of Jiyva.
    29 | D        | Found a hazy altar of Hepliaklqana.
    29 | D        | Found an opulent altar of Gozag.
    29 | D        | Found a blossoming altar of Fedhas.
    29 | D        | Found a white marble altar of Elyvilon.
    29 | D        | Found a shadowy altar of Dithmenos.
    29 | D        | Found a snail-covered altar of Cheibriados.
    30 | D        | Found a radiant altar of Vehumet.
    30 | D        | Found a corrupted altar of Lugonu.
    30 | D        | Found a roughly hewn altar of Beogh.
    55 | D        | Found an ancient bone altar of Kikubaaqudgha.
    55 | D        | Found a hide-covered altar of Uskayaw.
    55 | D        | Found a shattered altar of Ashenzari.
    59 | D        | Became a worshipper of Warmaster Okawaru
    74 | D        | Reached skill level 4 in Axes
    79 | D        | Reached skill level 5 in Axes
    79 | D        | Reached XP level 3. HP: 31/35 MP: 2/2
   142 | D        | Reached skill level 5 in Armour
   157 | D        | Reached skill level 5 in Fighting
   158 | D        | Reached skill level 5 in Shields
   241 | D        | Reached skill level 6 in Axes
   241 | D        | Reached XP level 4. HP: 42/42 MP: 3/3
   252 | D        | Reached * piety under Okawaru
   252 | D        | Reached skill level 7 in Axes
   252 | D        | Reached XP level 5. HP: 34/50 MP: 4/4
   260 | D        | Reached skill level 8 in Axes
   264 | D        | Reached skill level 5 in Dodging
   417 | D        | Reached skill level 9 in Axes
   417 | D        | Reached XP level 6. HP: 39/60 MP: 5/5
   620 | D        | Noticed a deep elf mage
   625 | D        | Killed from afar by a deep elf mage

Levels and vault maps discovered:
D:        pitsprint [storerooms_1, entrance_room_1, metal_vault_5, armoury_2,
          mini_pit_1, grid_room_1, main_hall_1, silver_pit, the_coven_3,
          the_vestibule_1, steel_vault_1, golden_pit, hallway_of_sentries,
          crystal_vault_1, iron_vault_2, final_vault]

Skill      XL: |  1  2  3  4  5 |
---------------+----------------+-----
Fighting       | 4 5 6 7 |  7.2
Axes           | 3 5 6 7 9 |  9.5
Armour         | 4 5 6 7 |  7.4
Dodging        | 1 2 3 4 5 |  5.6
Shields        | 4 5 6 7 |  7.2
Invocations    | |  0.8

Action                   |  1- 3 |  4- 6 || total
-------------------------+-------+-------++-------
Melee: War axe           |    44 |    44 ||    88
       Headbutt          |     6 |     6 ||    12
Invok: Heroism           |       |     1 ||     1
Armor: Scale mail        |    12 |       ||    12
       Ring mail         |     6 |     5 ||    11
Dodge: Dodged            |    13 |    10 ||    23
Block: Shield            |    31 |    15 ||    46

Table legend:
 A = Non-vault XP
 B = Vault XP
 C = Vault XP percentage of total XP
 D = Non-vault monster count
 E = Vault monster count
 F = Vault count percentage of total count
                 A         B        C        D         E       F
            +---------+---------+-------+---------+---------+-------
      Total |       0 |     458 | 100.0 |       0 |      25 | 100.0
            +---------+---------+-------+---------+---------+-------
          D |       0 |     458 | 100.0 |       0 |      25 | 100.0
            +---------+---------+-------+---------+---------+-------
